AoeStats
← CursedDice

Runestones

507343967Analyzed
1v1 RM · 15d ago on Sep 17, 2026· 37m 24s· 2 players
Game mode
Random Map
Map size
Tiny (2 player)
Population
200
Speed
Normal
Resources
Standard
Victory
Conquest
Starting age
Dark Age
Ending age
Imperial Age
RankedLock teamsTeams togetherTeam positionsShared explorationLock speedFull tech treeHidden civsTurbo modeCheats
Victory
Defeat
🇪🇸 Romans · Spain
797
+17
🇦🇷 Ethiopians · Argentina
821
-17
CursedDice
3:42 Loom
11:31 Feudal Age
12:52 Gold Mining
12:56 Double-Bit Axe
13:05 Man-at-Arms
17:04 Scale Barding Armor
17:03 Scale Mail Armor
17:13 Forging
24:28 Castle Age
25:39 Wheelbarrow
24:32 Pikeman
25:13 Squires
25:33 Chain Mail Armor
28:06 Long Swordsman
29:59 Bow Saw
30:31 Horse Collar
37:18 Hand Cart
I AM ATOMIK
9:44 Feudal Age
13:50 Loom
13:59 Double-Bit Axe
20:58 Castle Age
19:59 Horse Collar
23:52 Husbandry
27:55 Heavy Plow
29:06 Bow Saw
34:01 Crossbowman
Connection lost

Rejoining the realm…

Still unreachable

The connection could not be restored.

Session expired

The server has moved on; the page needs a fresh start.